 Dungeon Crawl Stone Soup version 0.31-a0-702-gf82c85558f (webtiles) character file.

Game seed: 8755956923559719262

219 qw the Shooter (level 5, 0/33 HPs)
             Began as a Gargoyle Hunter on Sept 8, 2023.
             Slain by Pikel
             ... wielding a +2 whip of freezing
              (2 damage)
             ... on level 4 of the Dungeon.
             The game lasted 00:00:47 (2228 turns).

qw the Shooter (Gargoyle Hunter)                    Turns: 2228, Time: 00:00:47

Health: 0/33       AC: 12    Str: 14    XL:     5   Next: 96%
Magic:  5/5        EV: 10    Int: 10    God:
Gold:   121        SH:  0    Dex: 15    Spells: 4/4 levels left

rFire   + . .        Y - +0 arbalest (flame)
rCold   . . .        (shield currently unavailable)
rNeg    + . .        b - +0 ring mail
rPois   inf          (no helmet)
rElec   +            a - +2 cloak {Will+}
rCorr   .            (no gloves)
SInv    .            (no boots)
Will    +....        (no amulet)
Stlth   +            e - ring of protection from fire
HPRegen 0.25/turn    (no ring)
MPRegen 0.09/turn

%: no passive effects
@: no status effects
A: sickness immunity, AC +4, negative energy resistance 1, electricity
resistance, torment resistance 1, petrification resistance
a: no special abilities


You were on level 4 of the Dungeon.
You visited 1 branch of the dungeon, and saw 4 of its levels.

You collected 121 gold pieces.


Innate Abilities, Weirdness & Mutations

You are immune to sickness and miasma.
Your stone body is resilient. (AC +4)
You are immune to poison.
You resist negative energy. (rN+)
You are resistant to electric shocks. (rElec)
You are resistant to unholy torment.
You are immune to petrification.


   Skills:
 - Level 4.1 Fighting
 + Level 6.0 Ranged Weapons
 - Level 1.1 Armour
 - Level 1.5 Dodging
 - Level 1.1 Stealth


You had 4 spell levels left.
You didn't know any spells.
Your spell library was empty.

Inventory:

Hand Weapons
 Y - a +0 arbalest of flaming (weapon)
Armour
 a - a +2 cloak of willpower (worn)
 b - a +0 ring mail (worn)
Jewellery
 d - a ring of fire
 e - a ring of protection from fire (left hand)
Scrolls
 g - a scroll of identify
Potions
 c - a potion of curing {unknown}

Dungeon Overview and Level Annotations

Branches:
Dungeon (4/15)
 Temple: D:4-7

Altars:
Elyvilon
Uskayaw

Annotations:
D:4 Pikel


Message History

Pikel says, "Hell isn't that bad."
You shoot a bolt. The bolt closely misses the goblin.
The bolt closely misses Pikel.
The bolt hits the jelly!!
The bolt burns the jelly!
You kill the jelly!
The goblin hits you but does no damage. x2
You shoot a bolt. The bolt closely misses the goblin.
The bolt hits Pikel but does no damage.
You shoot a bolt. The bolt closely misses Pikel.
The bolt barely misses the goblin.
The bolt hits the orc priest!
The bolt burns the orc priest.
You kill the orc priest!
Pikel says, "Dispater doesn't talk much, but I know they dig me."
Pikel closely misses you.
An endoplasm comes into view.
Pikel hits you but does no damage.
Your Fighting skill increases to level 4!
2226 |||
Found retreat position at -1,0 (endoplasm; floor) with 0 blocking monsters and 1 monsters attacking at destination at distance 1 You shoot a bolt.
The bolt closely misses Pikel.
The bolt barely misses the goblin.
The bolt hits the lemure!
The bolt burns the lemure.
The lemure is heavily wounded.
The endoplasm barely misses you. Pikel barely misses you.
Pikel closely misses you.
The endoplasm hits you but does no damage.
You shoot a bolt. The bolt hits Pikel!
The bolt burns Pikel.
Pikel is moderately wounded.
You hear a shout!
The endoplasm closely misses you.
Pikel hits you with a +2 whip of freezing.
Pikel freezes you.
You hear a shout!
You shoot a bolt. The bolt hits Pikel.
The bolt burns Pikel.
Pikel is heavily wounded.
Pikel says, "You'll feel the lick of my whip!"
Pikel hits you but does no damage. The endoplasm barely misses you.
Pikel hits you with a +2 whip of freezing.
Pikel freezes you.
You die...
Pikel says, "Another soul for the market."

#....7.7.. #........
#.......
#......#########
#......#........
######...oK..........
.>...........<.......
......###)K..........
#5J@K5g..........
######...........
##..........
##.........
##........ ##..##.#.
.##


You could see Pikel, 2 lemures, an endoplasm, a goblin and a kobold.

Vanquished Creatures
  A jelly (D:4)
  2 orc priests
  An orc wizard (D:3)
  4 gnolls (D:3)
  An adder (D:2)
  A worm (D:2)
  4 orcs
  5 ball pythons
  4 endoplasms
  A giant cockroach (D:2)
  2 goblins (D:1)
  6 hobgoblins
  3 jackals (D:2)
  A quokka (D:1)
  5 bats
  2 frilled lizards
  8 kobolds
  3 rats
54 creatures vanquished.

Notes
Turn   | Place    | Note
-------+----------+-------------------------------------------
     0 | D:1      | qw the Gargoyle Hunter began the quest for the Orb.
     0 | D:1      | Reached XP level 1. HP: 12/12 MP: 1/1
     0 | D:1      | 0 ||| qw: Version: 0.3-a-76-g4403597
     0 | D:1      | 0 ||| qw: Game counter: 1251
     0 | D:1      | 0 ||| qw: Melee chars always use a shield: true
     0 | D:1      | 0 ||| qw: God list: Okawaru
     0 | D:1      | 0 ||| qw: Allow faded altars: false
     0 | D:1      | 0 ||| qw: Do Orc after clearing Dungeon:15 true
     0 | D:1      | 0 ||| qw: Do second Lair branch before Depths: true
     0 | D:1      | 0 ||| qw: Lair rune preference: random
     0 | D:1      | 0 ||| qw: Goals: Normal
     0 | D:1      | 0 ||| PLANNING D:1-11
   196 | D:1      | Reached XP level 2. HP: 10/17 MP: 2/2
   782 | D:1      | 782 ||| READING scroll labelled QUG MOFANO.
   783 | D:1      | 783 ||| READING scroll labelled ADUAFI TOZE.
   787 | D:1      | 787 ||| READING scroll labelled BOMYOB AFEUZU.
   788 | D:1      | 788 ||| READING 2 scrolls labelled FENKIT XACA.
   789 | D:1      | 789 ||| DROPPING scroll of butterflies.
   827 | D:2      | Reached XP level 3. HP: 21/21 MP: 3/3
   835 | D:2      | Reached skill level 5 in Ranged Weapons
  1413 | D:2      | 1413 ||| UPGRADING to +2 cloak of willpower.
  1418 | D:2      | 1418 ||| UPGRADING to +0 ring mail.
  1428 | D:2      | 1428 ||| DROPPING +0 leather armour.
  1578 | D:3      | 1578 ||| RETREATING.
  1584 | D:3      | Reached skill level 1 in Armour
  1584 | D:3      | Reached XP level 4. HP: 27/27 MP: 4/4
  1591 | D:3      | Reached skill level 3 in Fighting
  1771 | D:3      | 1771 ||| SWAPPING to +0 arbalest.
  1772 | D:3      | 1772 ||| DROPPING +0 shortbow.
  1906 | D:3      | Found a white marble altar of Elyvilon.
  1932 | D:3      | Found a hide-covered altar of Uskayaw.
  1940 | D:3      | Reached XP level 5. HP: 32/32 MP: 5/5
  1948 | D:3      | 1948 ||| FLEEEEING.
  1949 | D:3      | 1949 ||| FLEEEEING.
  1957 | D:3      | 1957 ||| FLEEEEING.
  2178 | D:3      | 2178 ||| UPGRADING to ring of protection from fire.
  2179 | D:3      | 2179 ||| READING scroll labelled ICWEMO YT PUYD.
  2180 | D:3      | 2180 ||| READING scroll labelled BYADDU OTEKO.
  2181 | D:3      | 2181 ||| READING 2 scrolls labelled TYROEQ LAUS.
  2182 | D:3      | 2182 ||| READING scroll labelled COURUCZU EHIOD.
  2183 | D:3      | 2183 ||| READING scroll labelled VUBOEXT CAZXU.
  2184 | D:3      | 2184 ||| DROPPING scroll of noise.
  2210 | D:4      | Noticed a lemure
  2211 | D:4      | 2211 ||| RETREATING.
  2213 | D:4      | 2213 ||| Stepping ~*~*~tactically~*~*~ (retreating).
  2214 | D:4      | 2214 ||| Stepping ~*~*~tactically~*~*~ (retreating).
  2215 | D:4      | 2215 ||| Stepping ~*~*~tactically~*~*~ (retreating).
  2217 | D:4      | Noticed Pikel
  2217 | D:4      | Noticed a lemure
  2218 | D:4      | 2218 ||| Stepping ~*~*~tactically~*~*~ (retreating).
  2220 | D:4      | Reached skill level 6 in Ranged Weapons
  2220 | D:4      | Noticed a lemure
  2221 | D:4      | Noticed a lemure
  2227 | D:4      | HP: 8/33 [Pikel/+2 whip of freezing (4)]
  2228 | D:4      | HP: 2/33 [Pikel/+2 whip of freezing (5)]
  2228 | D:4      | Slain by Pikel

Levels and vault maps discovered:
D:1:      ebering_hopf_link, layout_basic, kennysheep_flooded_box
D:2:      layout_loops_ring, wander_ebering_terrifying_dragon_lair
D:3:      layout_loops_ring, nicolae_overflow_quartered_altars, nrook_uturn,
          grunt_decor_arrowhead, serial_bayou_pond_d
D:4:      layout_rooms, chequers_garden, uniq_pikel

Skill      XL: |  1  2  3  4  5 |
---------------+----------------+-----
Ranged Weapons | 5 6 |  6.0
Armour         | 1 |  1.1
Fighting       | 3 4 |  4.1
Dodging        | |  1.5
Stealth        | |  1.1

Action                     |  1- 3 |  4- 6 || total
---------------------------+-------+-------++-------
   Fire: Shortbow          |   119 |    23 ||   142
         Arbalest          |       |    21 ||    21
    Use: Scroll            |     4 |     5 ||     9
 Armour: Leather armour    |    30 |       ||    30
         Ring mail         |     2 |    27 ||    29
  Dodge: Dodged            |    36 |    27 ||    63

Table legend:
 A = Non-vault XP
 B = Vault XP
 C = Vault XP percentage of total XP
 D = Non-vault monster count
 E = Vault monster count
 F = Vault count percentage of total count
                 A         B        C        D         E       F
            +---------+---------+-------+---------+---------+-------
      Total |     313 |       1 |   0.3 |      53 |       1 |   1.9
            +---------+---------+-------+---------+---------+-------
        D:1 |      33 |       0 |   0.0 |      20 |       0 |   0.0
        D:2 |      44 |       1 |   2.2 |      16 |       1 |   5.9
        D:3 |     144 |       0 |   0.0 |      12 |       0 |   0.0
        D:4 |      92 |       0 |   0.0 |       5 |       0 |   0.0
            +---------+---------+-------+---------+---------+-------
